Workbook
Name incBuyerDossierDetaillnkRequestName: PROCESOS.!$I$42
Name lnkContractReferenceLink_1: PROCESOS.!#REF!
Name lnkProcurementContractViewLinkNewTab_0: PROCESOS.!#REF!

Sheet PROCESOS.
A1: N° | B1: NO. DE PROCESO | C1: TIPO DE CONTRATO (MINUTA) | D1: Descripcion Mod. Selec | E1: CODIGO UNSPSC | F1: LINK DE PUBLICACIÓN | G1: ESTADO | H1: TIPO DE GASTO | I1: OBJETO | J1: VALOR ESTIMADO | K1: DURACIÓN DEL CONTRATO | L1: DEPENDENCIA
A2: 1 | B2: UAESP-SAMC-001-2026 | C2: Prestación de servicios | D2: Selección abreviada menor cuantía | E2: 72101500 72102900 72103300 72121100 72121400 72151900 95121700 95121900 | F2: https://community.secop.gov.co/Public/Tendering/OpportunityDetail/Index?noticeUID=CO1.NTC.10468015&isFromPublicArea=True&isModal=False | G2: En evaluación | H2: Funcionamiento | I2: SAF-016 CONTRATAR POR EL SISTEMA DE PRECIOS UNITARIOS SIN FÓRMULA DE REAJUSTE LAS OBRAS CIVILES DE MANTENIMIENTO, ADECUACIÓN, REPARACIONES LOCATIVAS, MEJORAMIENTOS, DEMOLICIONES, RECONSTRUCCIONES, EN LAS SEDES Y/O INMUEBLES DE LA UAESP Y AQUELLAS QUE ESTÉN BAJO SU CARGO | J2: 259957304 | K2: DOS (2) MESES Y QUINCE (15) DÍAS Y/O HASTA AGOTAR RECURSOS | L2: Subdirección Administrativa y Financiera
A3: 2 | B3: UAESP-MC-008-2026 | C3: Compraventa | D3: Selección abreviada menor cuantía | E3: 43231513 48111301 81161500 81111500 | F3: https://community.secop.gov.co/Public/Tendering/OpportunityDetail/Index?noticeUID=CO1.NTC.10561392&isFromPublicArea=True&isModal=False | G3: Manifestación de Interés | H3: Inversión | I3: SAF-034 Adquirir sistema de gestión de turnos- Digiturno para el punto de atención presencial de la Unidad Administrativa Especial de Servicios Públicos. | J3: 49030777 | K3: CATORCE (14) MESES | L3: Subdirección Administrativa y Financiera
A4: 3 | B4: UAESP-MC-009-2026 | C4: Compraventa | D4: Selección abreviada menor cuantía | E4: 43231500 81112500 43233400 | F4: https://community.secop.gov.co/Public/Tendering/OpportunityDetail/Index?noticeUID=CO1.NTC.10599904&isFromPublicArea=True&isModal=False | G4: Docs proceso publicados (Plazo para recepción de observaciones - Plazo para manifestación de interés de limitar la convocatoria a MiPymes) | H4: Inversión | I4: TIC-013 Renovar el licenciamiento de generación de respaldos de la información de la Unidad Administrativa Especial de Servicios Públicos -UAESP | J4: 47414423 | K4: DOCE (12) MESES | L4: Oficina de Tecnologías de la Información y las Comunicaciones
A405: 410 | B405: UAESP-417-2026 | K405: 0
A406: 411 | B406: UAESP-418-2026 | K406: 0
A407: 412 | B407: UAESP-419-2026 | K407: 0
A408: 413 | B408: UAESP-420-2026 | K408: 0
A409: 414 | B409: UAESP-421-2026 | K409: 0
A410: 415 | B410: UAESP-422-2026 | K410: 0
A411: 416 | B411: UAESP-423-2026 | K411: 0
A412: 417 | B412: UAESP-424-2026 | K412: 0
A413: 418 | B413: UAESP-425-2026 | K413: 0
A414: 419 | B414: UAESP-426-2026 | K414: 0
A415: 420 | B415: UAESP-427-2026 | K415: 0
A416: 421 | B416: UAESP-428-2026 | K416: 0
... A587: 592 | B587: UAESP-599-2026 | K587: 0
A588: 593 | B588: UAESP-600-2026 | G588: IoI | K588: 0

Sheet AYP
A1: NO CONTRATO | B1: A1 | C1: A2 | D1: A3 | E1: A4 | F1: A5 | G1: TOTAL ADICIONES | H1: P1 | J1: PLAZO | K1: P2 | M1: PLAZO | N1: P3 | P1: PLAZO
A2: =PROCESOS.!#REF! -> #REF! | G2: =B2+C2+D2+E2+F2 -> 0
A3: =PROCESOS.!#REF! -> #REF! | G3: =B3+C3+D3+E3+F3 -> 0
A4: =PROCESOS.!#REF! -> #REF! | G4: =B4+C4+D4+E4+F4 -> 0
A5: =PROCESOS.!#REF! -> #REF! | B5: 14760000 | G5: =B5+C5+D5+E5+F5 -> 14760000
A6: =PROCESOS.!#REF! -> #REF! | B6: 5850000 | G6: =B6+C6+D6+E6+F6 -> 5850000 | H6: 46004 | I6: 46034 | J6: 1 MES
A7: =PROCESOS.!#REF! -> #REF! | B7: 8500000 | G7: =B7+C7+D7+E7+F7 -> 8500000 | H7: 46004 | I7: 46034 | J7: 1 MES
A8: =PROCESOS.!#REF! -> #REF! | G8: =B8+C8+D8+E8+F8 -> 0
A9: =PROCESOS.!B3 -> UAESP-MC-008-2026 | B9: 3000000 | G9: =B9+C9+D9+E9+F9 -> 3000000 | H9: 46010 | I9: 46025 | J9: 16 DIAS
A10: =PROCESOS.!B4 -> UAESP-MC-009-2026 | B10: 6000000 | G10: =B10+C10+D10+E10+F10 -> 6000000 | H10: 46004 | I10: 46034 | J10: 1 MES
A11: =PROCESOS.!B5 -> 0 | B11: 15000000 | G11: =B11+C11+D11+E11+F11 -> 15000000 | H11: 46004 | I11: 46034 | J11: 1 MES
A12: =PROCESOS.!B6 -> 0 | G12: =B12+C12+D12+E12+F12 -> 0
A13: =PROCESOS.!B7 -> 0 | B13: 4700000 | G13: =B13+C13+D13+E13+F13 -> 4700000 | H13: 46008 | I13: 46023 | J13: 15 DIAS
A14: =#REF! -> #REF! | B14: 7500000 | G14: =B14+C14+D14+E14+F14 -> 7500000 | H14: 46004 | I14: 46034 | J14: 1 MES
A15: =PROCESOS.!B8 -> 0 | G15: =B15+C15+D15+E15+F15 -> 0
A16: =PROCESOS.!B9 -> 0 | G16: =B16+C16+D16+E16+F16 -> 0
A17: =PROCESOS.!B10 -> 0 | G17: =B17+C17+D17+E17+F17 -> 0
A18: =PROCESOS.!B11 -> 0 | G18: =B18+C18+D18+E18+F18 -> 0
A19: =PROCESOS.!B12 -> 0 | G19: =B19+C19+D19+E19+F19 -> 0
A20: =PROCESOS.!B13 -> 0 | B20: 3500000 | G20: =B20+C20+D20+E20+F20 -> 3500000 | H20: 46015 | I20: 46030 | J20: 16 DIAS
A21: =PROCESOS.!B14 -> 0 | B21: 5000000 | G21: =B21+C21+D21+E21+F21 -> 5000000 | H21: 46009 | I21: 46024 | J21: 16 DIAS
A22: =PROCESOS.!B15 -> 0 | B22: 8500000 | G22: =B22+C22+D22+E22+F22 -> 8500000 | H22: 46008 | I22: 46038 | J22: 1 MES
A23: =PROCESOS.!B16 -> 0 | B23: 2600000 | G23: =B23+C23+D23+E23+F23 -> 2600000 | H23: 46010 | I23: 46030 | J23: 21 DIAS
A24: =PROCESOS.!B17 -> 0 | G24: =B24+C24+D24+E24+F24 -> 0
A25: =PROCESOS.!B18 -> 0 | B25: 5850000 | G25: =B25+C25+D25+E25+F25 -> 5850000 | H25: 46009 | I25: 46039 | J25: 1 MES
A26: =PROCESOS.!B19 -> 0 | G26: =B26+C26+D26+E26+F26 -> 0
A27: =PROCESOS.!B20 -> 0 | G27: =B27+C27+D27+E27+F27 -> 0
A28: =PROCESOS.!B21 -> 0 | G28: =B28+C28+D28+E28+F28 -> 0
A29: =PROCESOS.!B22 -> 0 | G29: =B29+C29+D29+E29+F29 -> 0
A30: =PROCESOS.!B23 -> 0 | G30: =B30+C30+D30+E30+F30 -> 0
A31: =PROCESOS.!B24 -> 0 | B31: 3000000 | G31: =B31+C31+D31+E31+F31 -> 3000000 | H31: 46016 | I31: 46031 | J31: 16 DIAS
A32: =PROCESOS.!B25 -> 0 | G32: =B32+C32+D32+E32+F32 -> 0
A33: =PROCESOS.!B26 -> 0 | G33: =B33+C33+D33+E33+F33 -> 0
A34: =PROCESOS.!B27 -> 0 | G34: =B34+C34+D34+E34+F34 -> 0
A35: =PROCESOS.!B28 -> 0 | B35: 3500000 | G35: =B35+C35+D35+E35+F35 -> 3500000 | H35: 46011 | I35: 46026 | J35: 15 DIAS
A36: =PROCESOS.!B29 -> 0 | B36: 2600000 | G36: =B36+C36+D36+E36+F36 -> 2600000 | H36: 46012 | I36: 46032 | J36: 21 DIAS
A37: =PROCESOS.!B30 -> 0 | G37: =B37+C37+D37+E37+F37 -> 0
A38: =PROCESOS.!B31 -> 0 | G38: =B38+C38+D38+E38+F38 -> 0
A39: =PROCESOS.!B32 -> 0 | G39: =B39+C39+D39+E39+F39 -> 0
A40: =PROCESOS.!B33 -> 0 | G40: =B40+C40+D40+E40+F40 -> 0
A41: =PROCESOS.!B34 -> 0 | G41: =B41+C41+D41+E41+F41 -> 0
A42: =PROCESOS.!B35 -> 0 | G42: =B42+C42+D42+E42+F42 -> 0
A43: =PROCESOS.!B36 -> 0 | B43: 2925000 | G43: =B43+C43+D43+E43+F43 -> 2925000 | H43: 46012 | I43: 46027 | J43: 16 DIAS
A44: =PROCESOS.!B37 -> 0 | G44: =B44+C44+D44+E44+F44 -> 0
A45: =PROCESOS.!B38 -> 0 | G45: =B45+C45+D45+E45+F45 -> 0
A46: =PROCESOS.!B39 -> 0 | B46: 15000000 | G46: =B46+C46+D46+E46+F46 -> 15000000 | H46: 46015 | I46: 46104 | J46: 3 MESES
A47: =PROCESOS.!B40 -> 0 | G47: =B47+C47+D47+E47+F47 -> 0
A48: =PROCESOS.!B41 -> 0 | G48: =B48+C48+D48+E48+F48 -> 0
A49: =PROCESOS.!B42 -> 0 | G49: =B49+C49+D49+E49+F49 -> 0
A50: =PROCESOS.!B43 -> 0 | G50: =B50+C50+D50+E50+F50 -> 0
A51: =PROCESOS.!B44 -> 0 | G51: =B51+C51+D51+E51+F51 -> 0
A52: =PROCESOS.!B45 -> 0 | G52: =B52+C52+D52+E52+F52 -> 0
A53: =PROCESOS.!B46 -> 0 | G53: =B53+C53+D53+E53+F53 -> 0
A54: =PROCESOS.!B47 -> 0 | G54: =B54+C54+D54+E54+F54 -> 0
A55: =PROCESOS.!B48 -> 0 | G55: =B55+C55+D55+E55+F55 -> 0
A56: =PROCESOS.!B49 -> 0 | G56: =B56+C56+D56+E56+F56 -> 0
A57: =PROCESOS.!B50 -> 0 | G57: =B57+C57+D57+E57+F57 -> 0
A58: =PROCESOS.!B51 -> 0 | G58: =B58+C58+D58+E58+F58 -> 0
... A62: =PROCESOS.!B55 -> 0 | G62: =B62+C62+D62+E62+F62 -> 0
A63: =PROCESOS.!B56 -> 0 | B63: 25200000 | G63: =B63+C63+D63+E63+F63 -> 25200000 | H63: 45958 | I63: 46021 | J63: 2 Meses 3 Dias
A64: =PROCESOS.!B57 -> 0 | G64: =B64+C64+D64+E64+F64 -> 0
A65: =PROCESOS.!B58 -> 0 | G65: =B65+C65+D65+E65+F65 -> 0
A66: =PROCESOS.!B59 -> 0 | B66: 19950000 | G66: =B66+C66+D66+E66+F66 -> 19950000 | H66: 45958 | I66: 46021 | J66: 2 Meses 3 Dias
A67: =PROCESOS.!B60 -> 0 | G67: =B67+C67+D67+E67+F67 -> 0
A68: =PROCESOS.!B61 -> 0 | G68: =B68+C68+D68+E68+F68 -> 0
A69: =PROCESOS.!B62 -> 0 | G69: =B69+C69+D69+E69+F69 -> 0
A70: =PROCESOS.!B63 -> 0 | G70: =B70+C70+D70+E70+F70 -> 0
A71: =PROCESOS.!B64 -> 0 | G71: =B71+C71+D71+E71+F71 -> 0
A72: =PROCESOS.!B65 -> 0 | G72: =B72+C72+D72+E72+F72 -> 0
A73: =PROCESOS.!B66 -> 0 | B73: 19950000 | G73: =B73+C73+D73+E73+F73 -> 19950000 | H73: 45958 | I73: 46021 | J73: 2 Meses 3 Dias
A74: =PROCESOS.!B67 -> 0 | G74: =B74+C74+D74+E74+F74 -> 0
A75: =PROCESOS.!B68 -> 0 | G75: =B75+C75+D75+E75+F75 -> 0
A76: =PROCESOS.!B69 -> 0 | G76: =B76+C76+D76+E76+F76 -> 0
A77: =PROCESOS.!B70 -> 0 | G77: =B77+C77+D77+E77+F77 -> 0
A78: =PROCESOS.!B71 -> 0 | G78: =B78+C78+D78+E78+F78 -> 0
A79: =PROCESOS.!B72 -> 0 | G79: =B79+C79+D79+E79+F79 -> 0
A80: =PROCESOS.!B73 -> 0 | G80: =B80+C80+D80+E80+F80 -> 0
A81: =PROCESOS.!B74 -> 0 | G81: =B81+C81+D81+E81+F81 -> 0
A82: =#REF! -> #REF! | G82: =B82+C82+D82+E82+F82 -> 0
A83: =PROCESOS.!B75 -> 0 | G83: =B83+C83+D83+E83+F83 -> 0
A84: =PROCESOS.!B76 -> 0 | G84: =B84+C84+D84+E84+F84 -> 0
A85: =PROCESOS.!B77 -> 0 | G85: =B85+C85+D85+E85+F85 -> 0
A86: =PROCESOS.!B78 -> 0 | G86: =B86+C86+D86+E86+F86 -> 0
A87: =PROCESOS.!B79 -> 0 | B87: 13373333 | G87: =B87+C87+D87+E87+F87 -> 13373333 | H87: 45968 | I87: 46027 | J87: 2 Meses
A88: =PROCESOS.!B80 -> 0 | G88: =B88+C88+D88+E88+F88 -> 0
A89: =PROCESOS.!B81 -> 0 | G89: =B89+C89+D89+E89+F89 -> 0
A90: =PROCESOS.!B82 -> 0 | G90: =B90+C90+D90+E90+F90 -> 0
A91: =PROCESOS.!B83 -> 0 | G91: =B91+C91+D91+E91+F91 -> 0
A92: =PROCESOS.!B84 -> 0 | G92: =B92+C92+D92+E92+F92 -> 0
A93: =PROCESOS.!B85 -> 0 | G93: =B93+C93+D93+E93+F93 -> 0
A94: =PROCESOS.!B86 -> 0 | G94: =B94+C94+D94+E94+F94 -> 0
A95: =PROCESOS.!B87 -> 0 | G95: =B95+C95+D95+E95+F95 -> 0
A96: =PROCESOS.!B88 -> 0 | G96: =B96+C96+D96+E96+F96 -> 0
A97: =PROCESOS.!B89 -> 0 | G97: =B97+C97+D97+E97+F97 -> 0
A98: =PROCESOS.!B90 -> 0 | G98: =B98+C98+D98+E98+F98 -> 0
A99: =PROCESOS.!B91 -> 0 | G99: =B99+C99+D99+E99+F99 -> 0
... A110: =PROCESOS.!B102 -> 0 | G110: =B110+C110+D110+E110+F110 -> 0
A111: =PROCESOS.!B103 -> 0 | B111: 7209275 | G111: =B111+C111+D111+E111+F111 -> 7209275 | H111: 46001 | I111: 46027 | J111: 26 DIAS
A112: =PROCESOS.!B104 -> 0 | G112: =B112+C112+D112+E112+F112 -> 0
A113: =PROCESOS.!B105 -> 0 | G113: =B113+C113+D113+E113+F113 -> 0
...

Sheet PROCESOS
B1: MINIMA CUANTIA
A3: FECHA | B3: NO PROCESO | C3: PROFESIONAL | D3: OBJETO | E3: CONTRATISTA | F3: VALOR | G3: ESTADO | H3: NO PROPONENTES | I3: DEPENDENCIA
B32: SELECCIÓN ABREVIADA
A34: FECHA | B34: NO PROCESO | C34: PROFESIONAL | D34: OBJETO | E34: CONTRATISTA | F34: VALOR | G34: ESTADO | H34: NO PROPONENTES | I34: DEPENDENCIA
B52: LICITACION PUBLICA
A54: FECHA | B54: NO PROCESO | C54: PROFESIONAL | D54: OBJETO | E54: CONTRATISTA | F54: VALOR | G54: ESTADO | H54: NO PROPONENTES | I54: DEPENDENCIA
B59: CONCURSO DE MERITOS
A61: FECHA | B61: NO PROCESO | C61: PROFESIONAL | D61: OBJETO | E61: CONTRATISTA | F61: VALOR | G61: ESTADO | H61: NO PROPONENTES | I61: DEPENDENCIA
B66: PROCESOS COMPETITIVOS
A67: FECHA | B67: NO PROCESO | C67: PROFESIONAL | D67: OBJETO | E67: CONTRATISTA | F67: VALOR | G67: ESTADO | H67: NO PROPONENTES | I67: DEPENDENCIA
I68: SAF

Sheet COTIZACIONES
A1: No Cotización | B1: Fecha | C1: Objeto | D1: Dependencia | E1: Solicitante
D2: - | E2: -
D3: - | E3: -

Sheet ANULADOS
A1: NO CONTRATO | B1: FECHA DE SUSCRIPCIÓN | C1: ABOGADO ENCARGADO | D1: CLASE DE CONTRATO | E1: TIPO DE CONTRATO (MINUTA) | F1: MODALIDAD DE SELECCIÓN | G1: NO. DE PROCESO | H1: CODIGO UNSPSC | I1: LINK DE PUBLICACIÓN | J1: OBJETO | K1: NOMBRE O RAZON SOCIAL (CONTRATISTA)
A2: UAESP-16-2025 | B2: 45699 | C2: Camilo | D2: 31 31-Servicios Profesionales | E2: PRESTACION DE SERVICIOS PROFESIONALES | F2: 5 5. Contratación directa | G2: N/A | H2: 80161500 | I2: https://community.secop.gov.co/Public/Tendering/OpportunityDetail/Index?noticeUID=CO1.NTC.7609963&isFromPublicArea=True&isModal=true&asPopupView=true | J2: AP-004 Prestar servicios profesionales a la Subdirección de Servicios Funerarios y Alumbrado Público en asuntos ambientales y sanitarios, relacionados con la prestación del servicio de Alumbrado Público y hornos crematorios en los cementerios de propiedad del Distrito | K2: Ever Adrian Hernandez
A3: UAESP-40-2025 | B3: 45707 | C3: Andrea Torres | D3: 31 31-Servicios Profesionales | E3: PRESTACION DE SERVICIOS PROFESIONALES | F3: 5 5. Contratación directa | G3: N/A | H3: 80161500 | I3: https://community.secop.gov.co/Public/Tendering/OpportunityDetail/Index?noticeUID=CO1.NTC.7677097&isFromPublicArea=True&isModal=true&asPopupView=true | J3: SSF-027 Prestar servicios profesionales como apoyo transversal a la subdirección en la coordinación en los asuntos que le sean requeridos para el apoyo a la supervisión de los servicios
A4: UAESP-153-2025 | B4: 45736 | C4: Camilo | D4: 49 49-Otros Servicios | E4: PRESTACION DE SERVICIOS | F4: 2 2. Selección abreviada | G4: No salio con este numero | H4: No salio con este numero | I4: No salio con este numero | J4: No salio con este numero | K4: No salio con este numero
A5: UAESP-169-2025 | B5: 45744 | C5: Johanna | D5: 31 31-Servicios Profesionales | E5: PRESTACION DE SERVICIOS PROFESIONALES | F5: 5 5. Contratación directa | G5: N/A | H5: 80161500 | I5: https://community.secop.gov.co/Public/Tendering/OpportunityDetail/Index?noticeUID=CO1.NTC.7913135&isFromPublicArea=True&isModal=true&asPopupView=true | J5: RBL-039 Prestar servicios profesionales a la Unidad Administrativa Especial de Servicios Públicos - UAESP para desarrollar acciones en territorio con entidades distritales y comunidad, que permitan mejoras significativas en la atención de requerimientos, gestionar las actividades relacionadas con los servicios y operativos locales que garanticen satisfacción del usuario con relación a las responsabilidades a cargo de la Entidad | K5: JOSE MANUEL LLAIN TORRADO
A6: UAESP-170-2025 | B6: No se Ejecuto | C6: No se Ejecuto | D6: 31 31-Servicios Profesionales | E6: PRESTACION DE SERVICIOS PROFESIONALES | F6: 5 5. Contratación directa | G6: No se Ejecuto | H6: No se Ejecuto | I6: No se Ejecuto | J6: No se Ejecuto | K6: No se Ejecuto
A7: UAESP-175-2025 | B7: No se Ejecuto | C7: No se Ejecuto | D7: No se Ejecuto | E7: No se Ejecuto | F7: No se Ejecuto | G7: No se Ejecuto | H7: No se Ejecuto | I7: No se Ejecuto | J7: No se Ejecuto | K7: No se Ejecuto
A8: UAESP-219-2025 | B8: No se Ejecuto | C8: No se Ejecuto | D8: No se Ejecuto | E8: No se Ejecuto | F8: No se Ejecuto | G8: No se Ejecuto | H8: No se Ejecuto | I8: No se Ejecuto | J8: No se Ejecuto | K8: No se Ejecuto
A9: UAESP-239-2025 | B9: No se Ejecuto | C9: No se Ejecuto | D9: No se Ejecuto | E9: No se Ejecuto | F9: No se Ejecuto | G9: No se Ejecuto | H9: No se Ejecuto | I9: No se Ejecuto | J9: No se Ejecuto | K9: No se Ejecuto
A10: UAESP-265-2025 | B10: No se Ejecuto | C10: No se Ejecuto | D10: No se Ejecuto | E10: No se Ejecuto | F10: No se Ejecuto | G10: No se Ejecuto | H10: No se Ejecuto | I10: No se Ejecuto | J10: No se Ejecuto | K10: No se Ejecuto
A11: UAESP-318-2025 | B11: Desistido | C11: Desistido | D11: Desistido | E11: Desistido | F11: Desistido | G11: Desistido | H11: Desistido | I11: Desistido | J11: Desistido | K11: Desistido
A12: UAESP-360-2025 | B12: Rechazada | C12: Rechazada | D12: Rechazada | E12: Rechazada | F12: Rechazada | G12: Rechazada | H12: Rechazada | I12: Rechazada | J12: Rechazada | K12: Rechazada
A13: UAESP-400-2025 | B13: Rechazada | C13: Rechazada | D13: Rechazada | E13: Rechazada | F13: Rechazada | G13: Rechazada | H13: Rechazada | I13: Rechazada | J13: Rechazada | K13: Rechazada

Sheet SUSPENSIONES
A1: NO CONTRATO | B1: CONTRATISTA | C1: SUSPENSION | E1: PLAZO | F1: REINICIO
A2: =PROCESOS.!#REF! -> #REF! | B2: =PROCESOS.!#REF! -> #REF!
A3: =PROCESOS.!#REF! -> #REF! | B3: =PROCESOS.!#REF! -> #REF!
A4: =PROCESOS.!#REF! -> #REF! | B4: =PROCESOS.!#REF! -> #REF!
A5: =PROCESOS.!#REF! -> #REF! | B5: =PROCESOS.!#REF! -> #REF!
A6: =PROCESOS.!#REF! -> #REF! | B6: =PROCESOS.!#REF! -> #REF!
A7: =PROCESOS.!#REF! -> #REF! | B7: =PROCESOS.!#REF! -> #REF!
A8: =PROCESOS.!#REF! -> #REF! | B8: =PROCESOS.!#REF! -> #REF!
A9: =PROCESOS.!B3 -> UAESP-MC-008-2026 | B9: =PROCESOS.!#REF! -> #REF!
A10: =PROCESOS.!B4 -> UAESP-MC-009-2026 | B10: =PROCESOS.!#REF! -> #REF!
A11: =PROCESOS.!B5 -> 0 | B11: =PROCESOS.!#REF! -> #REF!
A12: =PROCESOS.!B6 -> 0 | B12: =PROCESOS.!#REF! -> #REF!
A13: =PROCESOS.!B7 -> 0 | B13: =PROCESOS.!#REF! -> #REF!
A14: =#REF! -> #REF! | B14: =#REF! -> #REF!
A15: =PROCESOS.!B8 -> 0 | B15: =PROCESOS.!#REF! -> #REF!
A16: =PROCESOS.!B9 -> 0 | B16: =PROCESOS.!#REF! -> #REF!
A17: =PROCESOS.!B10 -> 0 | B17: =PROCESOS.!#REF! -> #REF!
A18: =PROCESOS.!B11 -> 0 | B18: =PROCESOS.!#REF! -> #REF!
A19: =PROCESOS.!B12 -> 0 | B19: =PROCESOS.!#REF! -> #REF!
A20: =PROCESOS.!B13 -> 0 | B20: =PROCESOS.!#REF! -> #REF!
A21: =PROCESOS.!B14 -> 0 | B21: =PROCESOS.!#REF! -> #REF!
A22: =PROCESOS.!B15 -> 0 | B22: =PROCESOS.!#REF! -> #REF!
A23: =PROCESOS.!B16 -> 0 | B23: =PROCESOS.!#REF! -> #REF!
A24: =PROCESOS.!B17 -> 0 | B24: =PROCESOS.!#REF! -> #REF!
A25: =PROCESOS.!B18 -> 0 | B25: =PROCESOS.!#REF! -> #REF!
A26: =PROCESOS.!B19 -> 0 | B26: =PROCESOS.!#REF! -> #REF!
... A81: =PROCESOS.!B74 -> 0 | B81: =PROCESOS.!#REF! -> #REF!
A82: =#REF! -> #REF! | B82: =#REF! -> #REF!
A83: =PROCESOS.!B75 -> 0 | B83: =PROCESOS.!#REF! -> #REF!
A84: =PROCESOS.!B76 -> 0 | B84: =PROCESOS.!#REF! -> #REF!
A85: =PROCESOS.!B77 -> 0 | B85: =PROCESOS.!#REF! -> #REF!
A86: =PROCESOS.!B78 -> 0 | B86: =PROCESOS.!#REF! -> #REF!
A87: =PROCESOS.!B79 -> 0 | B87: =PROCESOS.!#REF! -> #REF!
A88: =PROCESOS.!B80 -> 0 | B88: =PROCESOS.!#REF! -> #REF!
A89: =PROCESOS.!B81 -> 0 | B89: =PROCESOS.!#REF! -> #REF!
A90: =PROCESOS.!B82 -> 0 | B90: =PROCESOS.!#REF! -> #REF!
A91: =PROCESOS.!B83 -> 0 | B91: =PROCESOS.!#REF! -> #REF!
A92: =PROCESOS.!B84 -> 0 | B92: =PROCESOS.!#REF! -> #REF!
A93: =PROCESOS.!B85 -> 0 | B93: =PROCESOS.!#REF! -> #REF!
A94: =PROCESOS.!B86 -> 0 | B94: =PROCESOS.!#REF! -> #REF!
... A117: =PROCESOS.!B109 -> 0 | B117: =PROCESOS.!#REF! -> #REF!
A118: =#REF! -> #REF! | B118: =#REF! -> #REF!
A119: =PROCESOS.!B110 -> 0 | B119: =PROCESOS.!#REF! -> #REF!
A120: =PROCESOS.!B111 -> 0 | B120: =PROCESOS.!#REF! -> #REF!
A121: =PROCESOS.!B112 -> 0 | B121: =PROCESOS.!#REF! -> #REF!
A122: =PROCESOS.!B113 -> 0 | B122: =PROCESOS.!#REF! -> #REF!
A123: =PROCESOS.!B114 -> 0 | B123: =PROCESOS.!#REF! -> #REF!
A124: =PROCESOS.!B115 -> 0 | B124: =PROCESOS.!#REF! -> #REF!
A125: =PROCESOS.!B116 -> 0 | B125: =PROCESOS.!#REF! -> #REF!
A126: =PROCESOS.!B117 -> 0 | B126: =PROCESOS.!#REF! -> #REF!
A127: =PROCESOS.!B118 -> 0 | B127: =PROCESOS.!#REF! -> #REF!
A128: =PROCESOS.!B119 -> 0 | B128: =PROCESOS.!#REF! -> #REF!
A129: =PROCESOS.!B120 -> 0 | B129: =PROCESOS.!#REF! -> #REF!
A130: =PROCESOS.!B121 -> 0 | B130: =PROCESOS.!#REF! -> #REF!
... A140: =PROCESOS.!B131 -> 0 | B140: =PROCESOS.!#REF! -> #REF!
A141: =PROCESOS.!#REF! -> #REF! | B141: =PROCESOS.!#REF! -> #REF!
A142: =PROCESOS.!B132 -> 0 | B142: =PROCESOS.!#REF! -> #REF!
A143: =PROCESOS.!B133 -> 0 | B143: =PROCESOS.!#REF! -> #REF!
A144: =PROCESOS.!B134 -> 0 | B144: =PROCESOS.!#REF! -> #REF!
A145: =PROCESOS.!B135 -> 0 | B145: =PROCESOS.!#REF! -> #REF!
A146: =PROCESOS.!B136 -> 0 | B146: =PROCESOS.!#REF! -> #REF!
A147: =PROCESOS.!B137 -> 0 | B147: =PROCESOS.!#REF! -> #REF!
A148: =PROCESOS.!B138 -> 0 | B148: =PROCESOS.!#REF! -> #REF!
A149: =PROCESOS.!B139 -> 0 | B149: =PROCESOS.!#REF! -> #REF!
A150: =PROCESOS.!B140 -> 0 | B150: =PROCESOS.!#REF! -> #REF!
A151: =PROCESOS.!B141 -> 0 | B151: =PROCESOS.!#REF! -> #REF!
A152: =PROCESOS.!B142 -> 0 | B152: =PROCESOS.!#REF! -> #REF!
A153: =PROCESOS.!B143 -> 0 | B153: =PROCESOS.!#REF! -> #REF!
... A235: =PROCESOS.!B225 -> 0 | B235: =PROCESOS.!#REF! -> #REF!
A236: =PROCESOS.!#REF! -> #REF! | B236: =PROCESOS.!#REF! -> #REF!
A237: =PROCESOS.!B226 -> 0 | B237: =PROCESOS.!#REF! -> #REF!
A238: =PROCESOS.!B227 -> 0 | B238: =PROCESOS.!#REF! -> #REF!
A239: =PROCESOS.!B228 -> 0 | B239: =PROCESOS.!#REF! -> #REF!
A240: =PROCESOS.!B229 -> 0 | B240: =PROCESOS.!#REF! -> #REF!
A241: =PROCESOS.!B230 -> 0 | B241: =PROCESOS.!#REF! -> #REF!
A242: =PROCESOS.!B231 -> 0 | B242: =PROCESOS.!#REF! -> #REF!
A243: =PROCESOS.!B232 -> 0 | B243: =PROCESOS.!#REF! -> #REF!
A244: =PROCESOS.!B233 -> 0 | B244: =PROCESOS.!#REF! -> #REF!
A245: =PROCESOS.!B234 -> 0 | B245: =PROCESOS.!#REF! -> #REF!
A246: =PROCESOS.!B235 -> 0 | B246: =PROCESOS.!#REF! -> #REF!
A247: =PROCESOS.!B236 -> 0 | B247: =PROCESOS.!#REF! -> #REF!
A248: =PROCESOS.!B237 -> 0 | B248: =PROCESOS.!#REF! -> #REF!
... A289: =PROCESOS.!B278 -> 0 | B289: =PROCESOS.!#REF! -> #REF!
A290: =PROCESOS.!#REF! -> #REF! | B290: =PROCESOS.!#REF! -> #REF!
A291: =PROCESOS.!#REF! -> #REF! | B291: =PROCESOS.!#REF! -> #REF!
A292: =PROCESOS.!B280 -> 0 | B292: =PROCESOS.!#REF! -> #REF!
A293: =PROCESOS.!B281 -> 0 | B293: =PROCESOS.!#REF! -> #REF!
A294: =PROCESOS.!B282 -> 0 | B294: =PROCESOS.!#REF! -> #REF!
A295: =PROCESOS.!B283 -> 0 | B295: =PROCESOS.!#REF! -> #REF!
A296: =PROCESOS.!B284 -> 0 | B296: =PROCESOS.!#REF! -> #REF!
A297: =PROCESOS.!B285 -> 0 | B297: =PROCESOS.!#REF! -> #REF!
A298: =PROCESOS.!B286 -> 0 | B298: =PROCESOS.!#REF! -> #REF!
A299: =PROCESOS.!B287 -> 0 | B299: =PROCESOS.!#REF! -> #REF!
A300: =PROCESOS.!B288 -> 0 | B300: =PROCESOS.!#REF! -> #REF!
A301: =PROCESOS.!B289 -> 0 | B301: =PROCESOS.!#REF! -> #REF!
A302: =PROCESOS.!B290 -> 0 | B302: =PROCESOS.!#REF! -> #REF!
A303: =PROCESOS.!B291 -> 0 | B303: =PROCESOS.!#REF! -> #REF!
... A362: =PROCESOS.!B350 -> 0 | B362: =PROCESOS.!#REF! -> #REF!
A363: =PROCESOS.!#REF! -> #REF! | B363: =PROCESOS.!#REF! -> #REF!
A364: =PROCESOS.!B351 -> 0 | B364: =PROCESOS.!#REF! -> #REF!
...

Sheet Ordenes de Compra
A1: Orden de Compra | B1: Entidad Estatal | C1: Fecha de la orden | D1: Estado | E1: Instrumento | F1: Total | G1: CONTRATISTA | H1: OBJETO | I1: FECHA VENCIMIENTO | J1: DEPENDENCIA
A2: 143438 | B2: UNIDAD ADMINISTRATIVA ESPECIAL DE SERVICIOS PUBLICOS | C2: 45733.756 | D2: Emitido | E2: Aseo y Cafetería IV | F2: $524,619,509 | G2: CONSORCIO KIOS | H2: SAF-001 Adquirir por medio del Acuerdo Marco de Precios CCE-126-2023 el servicio de aseo e insumos de aseo, jardinería y cafetería para todos los bienes muebles que se encuentran en propiedad y en figura de arrendamiento a nombre de la Unidad Administrativa Especial de Servicios Públicos | I2: 12/30/2025 | J2: Subdireccion Administrativa y Financiera
A3: 148224 | B3: UNIDAD ADMINISTRATIVA ESPECIAL DE SERVICIOS PUBLICOS | C3: 45835.374 | D3: Emitido | E3: IAD Software por Catalogo II | F3: $50,014,866 | G3: UT Catalogo de Software ArcGIS de Esri | H3: TIC-023 Adquisición del licenciamiento ArcGis de georreferenciación para el servicio de las áreas misionales de la Unidad Administrativa Especial de Servicios Públicos. | I3: 46198 | J3: Oficina de Tecnologias de la Informacion y las Comunicaciones
A4: 148582 | B4: UNIDAD ADMINISTRATIVA ESPECIAL DE SERVICIOS PUBLICOS | C4: 45845.379 | D4: Emitido | E4: IAD Software por Catalogo II | F4: $561,809,100 | G4: Consorcio IAD Dinamico Softwareone | H4: TIC-016 Renovar la suscripción de licencias de servicios de ofimática suit con cuentas correos, colaborativas y BI para el desarrollo de las actividades de la Unidad Administrativa Especial de Servicios Públicos - UAESP, a través la Tienda Virtual del Estado Colombiano. | I4: 46213 | J4: Oficina de Tecnologias de la Informacion y las Comunicaciones
A5: 148732 | B5: UNIDAD ADMINISTRATIVA ESPECIAL DE SERVICIOS PUBLICOS | C5: 45847.437 | D5: Emitido | E5: ETP III | F5: $8,582,896 | G5: SOLUTION COPY LTDA | H5: TIC-014 Contratar el servicio de equipos periféricos tipo escáner para la Unidad Administrativa Especial de Servicios Públicos- UAESP a través la Tienda Virtual del Estado Colombiano Acuerdo Marco. | I5: 46216 | J5: Oficina de Tecnologias de la Informacion y las Comunicaciones
A6: 150094 | B6: UNIDAD ADMINISTRATIVA ESPECIAL DE SERVICIOS PUBLICOS | C6: 45881.459 | D6: Emitido | E6: Grandes Superficies | F6: $8,037,890 | G6: Falabella de Colombia S.A. | H6: SAF-084 Adquirir a través de la TVEC - Grandes Superficies, el mobiliario y equipo de oficina requerido en las instalaciones de la nueva sede de la UAESP. | I6: 45941 | J6: Subdireccion Administrativa y Financiera
A7: 150095 | B7: UNIDAD ADMINISTRATIVA ESPECIAL DE SERVICIOS PUBLICOS | C7: 45881.459 | D7: Emitido | E7: Grandes Superficies | F7: $37,830,100 | G7: Panamericana Outsourcing S.A. | H7: SAF-084 Adquirir a través de la TVEC - Grandes Superficies, el mobiliario y equipo de oficina requerido en las instalaciones de la nueva sede de la UAESP. | I7: 45941 | J7: Subdireccion Administrativa y Financiera
A8: 150096 | B8: UNIDAD ADMINISTRATIVA ESPECIAL DE SERVICIOS PUBLICOS | C8: 45881.459 | D8: Emitido | E8: Grandes Superficies | F8: $1,028,755 | G8: FERRICENTROS SAS | H8: SAF-084 Adquirir a través de la TVEC - Grandes Superficies, el mobiliario y equipo de oficina requerido en las instalaciones de la nueva sede de la UAESP. | I8: 45941 | J8: Subdireccion Administrativa y Financiera
A9: 150097 | B9: UNIDAD ADMINISTRATIVA ESPECIAL DE SERVICIOS PUBLICOS | C9: 45881.459 | D9: Emitido | E9: Grandes Superficies | F9: $2,288,888 | G9: PROVEER INSTITUCIONAL SAS | H9: SAF-084 Adquirir a través de la TVEC - Grandes Superficies, el mobiliario y equipo de oficina requerido en las instalaciones de la nueva sede de la UAESP. | I9: 45941 | J9: Subdireccion Administrativa y Financiera
A10: 150098 | B10: UNIDAD ADMINISTRATIVA ESPECIAL DE SERVICIOS PUBLICOS | C10: 45881.459 | D10: Emitido | E10: Grandes Superficies | F10: $4,656,000 | G10: CENCOSUD COLOMBIA S.A. | H10: SAF-084 Adquirir a través de la TVEC - Grandes Superficies, el mobiliario y equipo de oficina requerido en las instalaciones de la nueva sede de la UAESP. | I10: 45941 | J10: Subdireccion Administrativa y Financiera
A11: 151184 | B11: UNIDAD ADMINISTRATIVA ESPECIAL DE SERVICIOS PUBLICOS | C11: 45903.52 | D11: Emitido | E11: Combustible (Nacional) III | F11: $56,770,630 | G11: Distracom S.A. | H11: SAF-069 Contratar el suministro de gasolina para los vehículos de la entidad y garantizar la prestación de los servicios de recorridos misionales de la UAESP. | I11: 46056 | J11: Subdireccion Administrativa y Financiera

Sheet Resumen (Tablas Dinámicas)
C7: TABLA DINÁMICA (CONSULTA x CONTRATISTA)
C9: NOMBRE O RAZON SOCIAL (CONTRATISTA) | D9: ANA MARIA MANCIPE MONTENEGRO
C11: DURACIÓN DEL CONTRATO EN MESES | D11: VALOR CONTRATO | E11: CANTIDAD DE CONTRATOS
C12: 4 | D12: 40000000 | E12: 1
C13: Total Meses: 4 | E13: 1
C14: 6 | D14: 60000000 | E14: 1
C15: Total Meses: 6 | E15: 1
C16: Total de Contratos | E16: 2
C24: TABLA DINÁMICA (CONSULTA x DEPENDENCIAS)
C26: NOMBRE DE LA DEPENDENCIA | D26: Subdireccion de Disposicion Final
C28: NOMBRE O RAZON SOCIAL (CONTRATISTA) | D28: ESTADO DEL CONTRATO | E28: CANTIDAD DE CONTRATOS | F28: VALOR DEL CONTRATO
C29: JENNIFER VNEGAS PEÑA | D29: Vigente | E29: 1 | F29: 72000000
C30: JENNIFER VNEGAS PEÑA Total | E30: 1 | F30: 72000000
C31: ANDRES GERARDO CASTAÑEDA CAMARGO | D31: Vigente | E31: 1 | F31: 96000000
C32: ANDRES GERARDO CASTAÑEDA CAMARGO Total | E32: 1 | F32: 96000000
C33: ANGELA MARIA LEIVA TENJO | D33: Vigente | E33: 1 | F33: 34164000
C34: ANGELA MARIA LEIVA TENJO Total | E34: 1 | F34: 34164000
C35: Armando Rodríguez Ochoa | D35: Vigente | E35: 1 | F35: 76000000
C36: Armando Rodríguez Ochoa Total | E36: 1 | F36: 76000000
C37: AURA CRISTINA GARCÍA OTÁLORA | D37: Vigente | E37: 1 | F37: 60000000
C38: AURA CRISTINA GARCÍA OTÁLORA Total | E38: 1 | F38: 60000000
C39: CARLOS ANDRES ACERO | D39: Vigente | E39: 1 | F39: 76000000
C40: CARLOS ANDRES ACERO Total | E40: 1 | F40: 76000000
C41: CARLOS GEOVANNY BORDA PEREZ | D41: Vigente | E41: 1 | F41: 96000000
C42: CARLOS GEOVANNY BORDA PEREZ Total | E42: 1 | F42: 96000000
C43: CHRISTIAM MODESTO DIAZ GONZALEZ | D43: Vigente | E43: 1 | F43: 76000000
C44: CHRISTIAM MODESTO DIAZ GONZALEZ Total | E44: 1 | F44: 76000000
C45: CRISTIAN PINEDA | D45: Vigente | E45: 1 | F45: 76000000
C46: CRISTIAN PINEDA Total | E46: 1 | F46: 76000000
C47: DEIBY ALEJANDRO BERNAL PERILLA | D47: Vigente | E47: 1 | F47: 76000000
C48: DEIBY ALEJANDRO BERNAL PERILLA Total | E48: 1 | F48: 76000000
C49: FELIX ALBERTO PINZON MONTOYA | D49: Vigente | E49: 1 | F49: 36000000
C50: FELIX ALBERTO PINZON MONTOYA Total | E50: 1 | F50: 36000000
C51: GRUPO YACAR INGENIERIA S.A. | D51: Vigente | E51: 1 | F51: 206793200
C52: GRUPO YACAR INGENIERIA S.A. Total | E52: 1 | F52: 206793200
C53: HARVY ZURITH BARRIOS LOPEZ | D53: Vigente | E53: 1 | F53: 54400000
C54: HARVY ZURITH BARRIOS LOPEZ Total | E54: 1 | F54: 54400000
C55: JAVIER ANDRES MOLANO AVELLA | D55: Vigente | E55: 1 | F55: 49000000
C56: JAVIER ANDRES MOLANO AVELLA Total | E56: 1 | F56: 49000000
C57: JOSE MANUEL LLAIN TORRADO | D57: Vigente | E57: 1 | F57: 62500000
C58: JOSE MANUEL LLAIN TORRADO Total | E58: 1 | F58: 62500000
C59: LARITZA PAEZ MARTINEZ | D59: Vigente | E59: 1 | F59: 76000000
C60: LARITZA PAEZ MARTINEZ Total | E60: 1 | F60: 76000000
C61: LORENZO ANDRES DIAZ CARVAJAL | D61: Vigente | E61: 1 | F61: 64000000
C62: LORENZO ANDRES DIAZ CARVAJAL Total | E62: 1 | F62: 64000000
C63: Luis Felipe Chitiva Angel | D63: Vigente | E63: 1 | F63: 64000000
C64: Luis Felipe Chitiva Angel Total | E64: 1 | F64: 64000000
C65: MAGDA CELENA MANOSALVA DE CELIS | D65: Vigente | E65: 1 | F65: 66666667
C66: MAGDA CELENA MANOSALVA DE CELIS Total | E66: 1 | F66: 66666667
C67: MARCELA PATRICIA MARTINEZ GONZALEZ | D67: Vigente | E67: 1 | F67: 52000000
C68: MARCELA PATRICIA MARTINEZ GONZALEZ Total | E68: 1 | F68: 52000000
C69: María Elena Díaz Arias | D69: Vigente | E69: 1 | F69: 76000000
C70: María Elena Díaz Arias Total | E70: 1 | F70: 76000000
C71: MIGUEL ANGEL ORJUELA PEÑALOSA | D71: Vigente | E71: 1 | F71: 67200000
C72: MIGUEL ANGEL ORJUELA PEÑALOSA Total | E72: 1 | F72: 67200000
C73: Oswaldo Alfonso Arias Rodríguez | D73: Vigente | E73: 1 | F73: 40400000
C74: Oswaldo Alfonso Arias Rodríguez Total | E74: 1 | F74: 40400000
C75: RAUL IVAN ARIAS RODRIGUEZ | D75: Vigente | E75: 1 | F75: 93916667
C76: RAUL IVAN ARIAS RODRIGUEZ Total | E76: 1 | F76: 93916667
C77: STHEPANIE ROMAN PARDO | D77: Vigente | E77: 1 | F77: 67200000
C78: STHEPANIE ROMAN PARDO Total | E78: 1 | F78: 67200000
C79: UNIDAD DE INVESTIGACIÓN CRIMINAL DE LA DEFENSA | D79: Vigente | E79: 1 | F79: 654500000
C80: UNIDAD DE INVESTIGACIÓN CRIMINAL DE LA DEFENSA Total | E80: 1 | F80: 654500000
C81: UNIVERSIDA DISTRITAL | D81: Vigente | E81: 1 | F81: 207261600
C82: UNIVERSIDA DISTRITAL Total | E82: 1 | F82: 207261600
C83: UNIVERSIDAD NACIONAL ABIERTA Y A DISTANCIA | D83: Vigente | E83: 1 | F83: 156585000
C84: UNIVERSIDAD NACIONAL ABIERTA Y A DISTANCIA Total | E84: 1 | F84: 156585000
C85: UNIVERSIDAD PEDAGOGICA NACIONAL | D85: TERMINADO | E85: 1 | F85: 281853000
C86: UNIVERSIDAD PEDAGOGICA NACIONAL Total | E86: 1 | F86: 281853000
C87: YANETH VILLARRAGA | D87: Vigente | E87: 1 | F87: 60000000
C88: YANETH VILLARRAGA Total | E88: 1 | F88: 60000000
C89: YIRLY DAYAN GALEANO AVILA | D89: Vigente | E89: 1 | F89: 33600000
C90: YIRLY DAYAN GALEANO AVILA Total | E90: 1 | F90: 33600000
C91: VALOR TOTAL DE CONTRATOS | E91: 31 | F91: 3208040134
